Unix NetHack Version 5.0.0-0 post-release - last build Jul 19 2026 19:10:59 (3aa4ab31751d3886436d94b585a96704892fd477,branch:main).

Game began 2026-07-25 16:35:49, ended 2026-07-25 16:47:10.

IanCurtis, chaotic male elven Wizard

                                                       ------
                                                       |....|
                                                       |....|           ------
            ----------                                 |[.>.|           |..<.|
            |........|                                 |.^..|  #########.....|
            |.........#####            ----            |....-###      # ------
            |.....[..|    %#            ...            -.----      #
            |.........#    ###           ..             ############
            -----.----#      ##          -..             ##   ## ######
                 #    #       #          |..  ###############      -.-.----
                 #### ######  #          |C.. #           ##      #.......|
                    #         #          |...|#           #####   #|^.....|
                    #         ###        -.%.'@##       --+--#    #|.....)|
                    #              ....C.....|#         |....######|......|
                    ########     |j.........C #         |...-#     --------
                           ####  ------------ #         |...|
                              #################         |...|
                                                        -----

IanCurtis the Conjurer    St:11 Dx:13 Co:13 In:20 Wi:9 Ch:12  Chaotic
Dlvl:7  $:237 HP:0(31) Pw:23(51) AC:9  Xp:5 T:2647  Burdened

Latest messages:
 The spell hits the kitten!
 You kill the kitten!
 You are in full health.
 You see here a kitten corpse.
 You find a hidden passage.
 You feel full of energy.
 The door resists!
 The door opens.
 The dingo bites!
 The dingo bites!
 The cave spider just misses!
 The dingo bites!
 The dingo bites!
 In what direction? h
 The spell misses the dingo.
 The spell hits the cave spider!
 You kill the cave spider!
 The dingo bites!
 In what direction? h
 The spell hits the dingo!
 The dingo bites!
 The dingo bites!
 In what direction? h
 The spell misses the dingo.
 The dingo bites!
 The dingo bites!
 What do you want to drink? [fhBH-K or ?*] J
 You feel much better.
 The dingo bites!
 The dingo bites!
 In what direction? h
 The spell misses the dingo.
 The dingo bites!
 In what direction? h
 The spell hits the dingo!
 You kill the dingo!
 You see here a dingo corpse.
 There is a dingo corpse here; eat it? [ynq] (n) y
 This dingo corpse is stringy.
 The rope golem hits!
 You stop eating the dingo corpse.
 The rope golem hits again!
 The rope golem grabs you!
 In what direction? h
 The spell misses the rope golem.
 The rope golem hits!
 The rope golem hits again!
 You are being choked.
 You die...
 Do you want your possessions identified? [ynq] (y) q

Inventory:
 Coins    ('$')
  $ - 237 gold pieces
 Weapons  (')')
  a - a +0 quarterstaff (weapon in hands)
 Armor    ('[')
  b - an uncursed +0 cloak of magic resistance (being worn)
 Comestibles  ('%')
  F - 2 uncursed food rations
 Scrolls  ('?')
  G - a cursed scroll of amnesia
  i - an uncursed scroll of blank paper
  j - an uncursed scroll of blank paper
  k - an uncursed scroll of blank paper
  w - an uncursed scroll of confuse monster
  O - an uncursed scroll of enchant armor
  E - a cursed scroll of gold detection
  C - a blessed scroll of identify
 Spellbooks  ('+')
  l - an uncursed spellbook of blank paper
  m - an uncursed spellbook of blank paper
  s - an uncursed spellbook of blank paper
  P - an uncursed spellbook of cure sickness
  A - an uncursed spellbook of light
 Potions  ('!')
  H - an uncursed potion of blindness
  B - a blessed potion of healing
  K - an uncursed potion of monster detection
  I - an uncursed potion of see invisible
  f - an uncursed potion of water
  h - an uncursed potion of water
 Rings    ('=')
  N - an uncursed +0 ring of adornment
  e - an uncursed ring of conflict
  y - an uncursed ring of polymorph control
 Wands    ('/')
  u - a wand of cancellation (0:6)
  c - a wand of cold (0:-1)
  q - a wand of lightning (0:-1)
  z - a wand of sleep (0:7)
  t - a wand of slow monster (0:-1)
 Tools    ('(')
  n - a magic marker (0:0)
  r - an uncursed oil lamp
  d - a +0 pick-axe
  L - an uncursed tin whistle

IanCurtis the Wizard's attributes:

Background:
 You were a Conjurer, a level 5 male elven Wizard.
 You were chaotic, on a mission for Anhur
 who was opposed by Ptah (lawful) and Thoth (neutral).
 You were right-handed.
 You were in the Dungeons of Doom, on level 7.
 You entered the dungeon 2647 turns ago.
 You had 251 experience points, 69 more were needed to attain level 6.

Basics:
 You had 0 out of 31 hit points.
 You had 23 out of 51 energy points (spell power).
 Your armor class was 9.
 Your wallet contained 237 zorkmids.
 Autopickup was off.

Final Characteristics:
 Your strength was 11 (limit:18).
 Your dexterity was 13 (limit:18).
 Your constitution was 13 (limit:16).
 Your intelligence was 20 (limit:20).
 Your wisdom was 9 (limit:20).
 Your charisma was 12 (limit:18).

Final Status:
 You were held by a rope golem (west).
 You weren't hungry.
 You were burdened; movement was slightly slowed.
 You were wielding a quarterstaff.
 You had basic skill with quarterstaff.

Final Attributes:
 You were piously aligned.
 You were magic-protected.
 You were sleep resistant.
 You had infravision.
 You were warded.
 You are dead.

Miscellaneous:
 You didn't encounter any bones levels.
 Total elapsed playing time was 11 minutes and 21 seconds.

Major events:
 Turn
    1: IanCurtis the chaotic male elven Wizard entered the dungeon
  863: attained the rank of Conjurer (level 3)
 2647: killed by a rope golem

Spells:
 Name                 Level Category     Fail Retention
 force bolt             1   attack         0%   81%-90%
 light                  1   divination     0%  76%-100%

Skills:
 Fighting Skills
   bare handed combat [Unskilled]
   riding             [Unskilled]
 Weapon Skills
   dagger             [Unskilled]
   knife              [Unskilled]
   axe                [Unskilled]
   short sword        [Unskilled]
   club               [Unskilled]
   mace               [Unskilled]
   quarterstaff       [Basic]
   polearms           [Unskilled]
   spear              [Unskilled]
   trident            [Unskilled]
   sling              [Unskilled]
   dart               [Unskilled]
   shuriken           [Unskilled]
 Spellcasting Skills
   attack spells      [Basic]
   healing spells     [Unskilled]
   divination spells  [Unskilled]
   enchantment spells [Basic]
   clerical spells    [Unskilled]
   escape spells      [Unskilled]
   matter spells      [Unskilled]

Voluntary challenges:
 Character rerolling was not enabled.
 You never genocided any monsters.
 You never polymorphed an object.
 You never changed form.
 You used no wishes.
Achievements:
 You attained the rank of Conjurer.
 You entered a shop.

 The Dungeons of Doom: levels 1 to 7
    Level 1: "vault"
    Level 2:
       A ring shop, a sink.
    Level 3:
       A fountain.
    Level 4:
       A fountain.
    Level 5: "closed shop"
       A fountain.
    Level 6:
       A potion shop, a fountain.
    Level 7: <- You were here.
       Final resting place for
          you, killed by a rope golem.


Vanquished creatures:
  a leprechaun
  a gnome ruler
  a dingo
  a water nymph
  2 rock piercers
  a pony
  a fog cloud
  a yellow light
  a gray ooze
  a giant ant
  a floating eye
  2 kittens
  a dwarf
 an acid blob
  a hobbit
  2 manes
  2 giant rats
  a cave spider
  a brown mold
  2 geckos
  5 jackals
  3 foxes
  2 kobolds
  a goblin
  5 grid bugs
  a bat
  2 lichens
  5 newts
49 creatures vanquished.

No species were genocided or became extinct.

Game over:
                       ----------
                      /          \
                     /    REST    \
                    /      IN      \
                   /     PEACE      \
                  /                  \
                  |    IanCurtis     |
                  |      237 Au      |
                  | killed by a rope |
                  |      golem       |
                  |                  |
                  |                  |
                  |       2026       |
                 *|     *  *  *      | *
        _________)/\\_//(\/(/\)/\//\/|_)_______

Goodbye IanCurtis the Wizard...

You died in The Dungeons of Doom on dungeon level 7 with 1528 points,
and 237 pieces of gold, after 2647 moves.
You were level 5 with a maximum of 31 hit points when you died.

